 Dungeon Crawl Stone Soup version 0.30.0-18-gc0e69614cb (webtiles) character file.

Game seed: 14184272893436692612

18736 javelincjr the Pandemonic (level 12, -1/92 HPs)
             Began as a Demonspawn Fire Elementalist on May 24, 2023.
             Was a High Priest of Makhleb.
             Engulfed by a cloud of freezing vapour (10 damage)
             ... in an ice cave.
             The game lasted 01:35:06 (16051 turns).

javelincjr the Pandemonic (DsFE)                   Turns: 16051, Time: 01:35:07

Health: -1/92      AC: 13    Str: 10    XL:     12   Next: 30%
Magic:  27/32      EV: 13    Int: 23    God:    Makhleb [*****.]
Gold:   648        SH:  0    Dex: 13    Spells: 18/25 levels left

rFire   + + .        e - +7 whip "Ciro" {pain, +Blink rC+ Will+}
rCold   . . .        O - +2 buckler {AC+3}
rNeg    . . .        Q - +3 leather armour of Plasticity {rF+ Int+2}
rPois   .            X - +1 hat
rElec   .            u - +1 cloak
rCorr   .            (no gloves)
SInv    .            g - +0 pair of boots
Will    +....        M - amulet of faith
Stlth   +            I - ring of fire
HPRegen 0.35/turn    J - ring of magical power
MPRegen 0.23/turn

%: faith
@: confused, ambrosia-drunk
A: claws 2, horns 1, powered by death 2
a: Renounce Religion, Evoke Blink, Minor Destruction, Lesser Servant of Makhleb,
Major Destruction, Greater Servant of Makhleb


You were in an ice cave.
You worshipped Makhleb.
Makhleb was extremely pleased with you.
You visited 2 branches of the dungeon, and saw 13 of its levels.
You also visited: Bailey and Ice Cave.

You collected 648 gold pieces.

Inventory:

Hand Weapons
 e - the +7 whip "Ciro" (weapon) {pain, +Blink rC+ Will+}
   (You found it on level 11 of the Dungeon)

   rC:        It protects you from cold.
   +Blink:    It lets you blink.
   Will:      It increases your willpower.
 h - a +5 dagger of flaming
 U - a +2 short sword of distortion
Missiles
 V - 2 boomerangs of dispersal
Armour
 a - a +3 ring mail of fire resistance
 d - a +0 troll leather armour
 g - a +0 pair of boots (worn)
 u - a +1 cloak (worn)
 O - a +2 buckler of protection (worn)
 Q - the +3 leather armour of Plasticity (worn) {rF+ Int+2}
   (You found it on level 8 of the Dungeon)

   Int:       It affects your intelligence (+2).
   rF:        It protects you from fire.
 X - a +1 hat (worn)
Jewellery
 I - a ring of fire (left claw)
 J - a ring of magical power (right claw)
 M - an amulet of faith (around neck)
Wands
 y - a wand of light (9)
 B - a wand of mindburst (9)
 H - a wand of paralysis (9)
 W - a wand of polymorph (8)
 Y - a wand of flame (2)
Scrolls
 f - 4 scrolls of fog
 k - 3 scrolls of enchant weapon
 q - 2 scrolls of noise
 v - a scroll of amnesia
 w - 4 scrolls of immolation
 C - a scroll of torment
 T - 5 scrolls of teleportation
Potions
 b - a potion of magic
 c - 6 potions of curing
 i - 4 potions of brilliance
 j - 2 potions of ambrosia
 n - 2 potions of berserk rage
 p - 3 potions of haste
 r - a potion of attraction {unknown}
 s - 2 potions of might
 z - 2 potions of cancellation {unknown}
 F - 2 potions of mutation {unknown}
 G - a potion of lignification {unknown}
 K - 3 potions of invisibility
 R - a potion of degeneration {unknown}
 Z - a potion of flight {unknown}
Miscellaneous
 D - a phantom mirror (inert)


   Skills:
 + Level 7.7 Fighting
 + Level 7.4 Dodging
 + Level 8.1 Stealth
 + Level 7.4 Spellcasting
 + Level 8.0 Conjurations
 + Level 7.8 Fire Magic
 + Level 9.6 Invocations


You had 18 spell levels left.
You knew the following spells:

 Your Spells              Type           Power      Damage    Failure   Level
a - Foxfire               Conj/Fire      100%       2x1d9     1%          1
b - Scorch                Fire           100%       2d9       1%          2
c - Flame Wave            Conj/Fire      61%        2d14      6%          4

Your spell library contained the following spells:

 Spells                   Type           Power      Damage    Failure   Level
 Hailstorm                Conj/Ice       26%        3d7       9%          3
 Inner Flame              Hex/Fire       40%        N/A       9%          3
 Volatile Blastmotes      Fire/Tloc      80%        2d16      9%          3
 Apportation              Tloc           16%        N/A       16%         1
 Slow                     Hex            32%        N/A       16%         1
 Summon Small Mammal      Summ           32%        N/A       16%         1
 Ignite Poison            Fire/Tmut/Pois 30%        N/A       16%         3
 Cigotuvi's Dreadful Rot  Necr/Pois/Air  16%        N/A       22%         2
 Ensorcelled Hibernation  Hex/Ice        16%        N/A       22%         2
 Passwall                 Tmut/Erth      6%         N/A       22%         2
 Call Canine Familiar     Summ           8%         N/A       41%         3
 Summon Guardian Golem    Hex/Summ       8%         N/A       41%         3
 Swiftness                Air            8%         N/A       41%         3
 Freezing Cloud           Conj/Ice/Air   10%        6-21      80%         5
 Anguish                  Hex/Necr       4%         N/A       83%         4
 Cause Fear               Hex            4%         N/A       83%         4
 Alistair's Intoxication  Tmut/Pois      5%         N/A       99%         5
 Enfeeble                 Hex            4%         N/A       100%        7


Dungeon Overview and Level Annotations

Branches:
Dungeon (12/15)            Temple (1/1) D:5            Lair (0/5) D:8
    Orc (0/2) D:11         Bailey (visited)           IceCv (1/1)

Altars:
Ashenzari
Cheibriados
Dithmenos
Fedhas
Gozag
Hepliaklqana
Kikubaaqudgha
Makhleb
Nemelex Xobeh
Okawaru
Qazlal
Ru
Sif Muna
Trog
Uskayaw
Vehumet
Wu Jian
Xom
Yredelemnul

Annotations:
IceCv exclusion: 2 ice statues


Innate Abilities, Weirdness & Mutations

You have very sharp fingernails.
You have a pair of small horns on your head.
You regenerate health from kills.


Message History

An ice devil comes into view.
You start resting.
An ice devil is nearby!
Casting: Scorch (safe; 1% risk of failure)
Confirm with . or Enter, or press ? or * to list all spells.
You feel a surge of power!
Flames lash the ice devil.
The ice devil is burned terribly!
The ice devil is moderately wounded.
The ice devil's fire resistance burns away.
Casting: Scorch (safe; 1% risk of failure)
Confirm with . or Enter, or press ? or * to list all spells.
You feel a surge of power!
Flames lash the ice devil.
The ice devil is burned terribly!
The ice devil is moderately wounded.
A reaper comes into view.
It is wielding a +1 scythe of freezing and wearing a +1 robe of cold resistance.
Aiming: Phantom Mirror
Press: ? - help, Q - select action, (/) - cycle Dir - move target, f - reaper
Aim: a reaper, wielding a +1 scythe of freezing, wearing a +1 robe of cold resistance and wearing a ring of protection from cold You reflect the reaper with the mirror!
The mirror clouds!
Your reaper hits the reaper with a +1 scythe of freezing!!
The reaper beckons to you. The ice devil misses you.
Something hits your reaper but does no damage. x2
A two-headed ogre simulacrum comes into view.
Your reaper hits the reaper but does no damage.
You are engulfed in freezing vapours.
* * * LOW HITPOINT WARNING * * *
Your reaper hits the reaper from afar with a +1 scythe of freezing.
The two-headed ogre simulacrum barely misses your reaper.
The two-headed ogre simulacrum misses your reaper.
You feel much better.
You are engulfed in freezing vapours.
Okay, then.
Okay, then.
You are engulfed in freezing vapours.
You are engulfed in freezing vapours.
* * * LOW HITPOINT WARNING * * *
You block the reaper's attack.
You are confused.
You feel invigorated.
You are engulfed in freezing vapours.
You die...

... #..# #.# ≈...# ##Z#
#... #§§## #..##.2☼#
#..☼☼§§☼# ##.☼.§2○# ..
#§○4°§## ##..# ##○@§##
##.... ##☼☼###
##.....##§§##
#......8##§☼# ####
#......###.§#######..##
#.......#.☼§##..##....##
##.........###..........#
#...........#.......∩.∩.#
#........##....##.......#


You could see a reaper (ally target), an ice devil (combustible), a two-headed
ogre simulacrum and a friendly reaper (summoned, drained).

Vanquished Creatures
  A two-headed ogre (D:10)
  Sonja (D:10)
  A sixfirhy (D:11)
  The ghost of crux the Insei, a novice OpTm (D:6)
  2 orc knights
  2 cyclopes
  5 kobold demonologists
  Psyche (D:10)
  3 ice devils (IceCv)
  4 trolls
  A blink frog (shapeshifter) (D:11)
  Prince Ribbit (D:8)
  Sigmund (D:3)
  A water elemental (D:12)
  A ynoxinul (D:8)
  14 yaks
  2 wyverns
  A shadow (D:11)
  2 vampires
  2 death yak simulacra (IceCv)
  2 humans (D:8)
  Menkaure (D:4)
  A harpy simulacrum (IceCv)
  Edmund (D:6)
  4 acid dragons
  2 water moccasins
  A hydra simulacrum (IceCv)
  16 orc warriors
  5 ice beasts
  2 black bears (D:6)
  3 sky beasts
  2 ogres (D:5)
  12 centaurs
  2 kobold brigands (D:11)
  A gnoll sergeant (D:10)
  A bullfrog (D:6)
  3 two-headed ogre simulacra (IceCv)
  5 scorpions
  5 wights
  A hornet simulacrum (D:6)
  8 killer bees
  3 howler monkeys
  9 electric eels
  3 hounds
  6 jellies
  5 orc priests
  A gnoll bouda (D:5)
  4 iguanas
  15 orc wizards
  A troll simulacrum (IceCv)
  A wolf simulacrum (IceCv)
  2 bullfrog simulacra (D:6)
  A killer bee simulacrum (D:6)
  12 gnolls
  6 adders
  A shadow imp (D:5)
  6 white imps
  An ufetubus (D:5)
  3 worms
  A dart slug (D:3)
  63 orcs
  5 ball pythons
  5 endoplasms
  5 giant cockroaches
  6 hobgoblins
  4 jackals (D:3)
  12 kobolds
  2 quokkas
  7 bats
  3 frilled lizards
  6 goblins
  A rat (D:1)
  A rat zombie (D:8)
326 creatures vanquished.

Vanquished Creatures (others)
  1162 foxfires
1162 creatures vanquished.

Grand Total: 1488 creatures vanquished

Notes
Turn   | Place    | Note
-------+----------+-------------------------------------------
     0 | D:1      | javelincjr the Demonspawn Fire Elementalist began the quest
                  | for the Orb.
     0 | D:1      | Reached XP level 1. HP: 13/13 MP: 3/3
   359 | D:1      | Gained mutation: You regenerate a little health from kills.
                  | [demonic ancestry]
   359 | D:1      | Reached XP level 2. HP: 19/19 MP: 5/5
   827 | D:2      | Learned a level 2 spell: Scorch
   998 | D:2      | Reached XP level 3. HP: 25/25 MP: 0/6
  1636 | D:2      | Reached skill level 1 in Fighting
  1691 | D:2      | Reached XP level 4. HP: 32/32 MP: 2/7
  2213 | D:3      | Noticed Sigmund
  2521 | D:3      | Found a burning altar of Makhleb.
  2546 | D:3      | Became a worshipper of Makhleb the Destroyer
  2712 | D:3      | Discovered your monstrous ancestry.
  2712 | D:3      | Gained mutation: You have sharp fingernails. [demonic
                  | ancestry]
  2712 | D:3      | Reached XP level 5. HP: 37/37 MP: 4/8
  2915 | D:3      | Found a faded altar of an unknown god.
  3215 | D:3      | Killed Sigmund
  3216 | D:3      | Gained mutation: You have very sharp fingernails. [demonic
                  | ancestry]
  3216 | D:3      | Reached XP level 6. HP: 44/44 MP: 2/10
  4177 | D:4      | Noticed Menkaure
  4182 | D:4      | Killed Menkaure
  4183 | D:4      | Reached skill level 1 in Invocations
  4183 | D:4      | Reached XP level 7. HP: 51/51 MP: 2/11
  4516 | D:5      | Entered Level 5 of the Dungeon
  4608 | D:5      | Reached skill level 2 in Invocations
  4827 | D:5      | Reached * piety under Makhleb
  4971 | D:5      | Reached skill level 3 in Invocations
  4971 | D:5      | Reached XP level 8. HP: 58/58 MP: 10/13
  5625 | D:5      | Found a staircase to the Ecumenical Temple.
  5645 | Temple   | Entered the Ecumenical Temple
  5883 | D:6      | Noticed Edmund
  5904 | D:6      | Killed Edmund
  6005 | D:6      | Reached skill level 4 in Invocations
  6177 | D:6      | Found an opulent altar of Gozag.
  6480 | D:6      | Reached skill level 5 in Fire Magic
  6576 | D:6      | Identified the +1 dagger "Hoisch" {freeze, rCorr Dex+4}
  6655 | D:6      | Found a runed translucent gate.
  6655 | D:6      | Found a runed translucent gate.
  6670 | D:6      | Gained mutation: You regenerate health from kills. [demonic
                  | ancestry]
  6670 | D:6      | Reached XP level 9. HP: 60/65 MP: 9/15
  6739 | D:6      | Noticed crux's ghost (novice OpTm)
  6776 | D:6      | Found a runed translucent gate.
  7205 | D:6      | Reached skill level 5 in Stealth
  7205 | D:6      | Reached skill level 5 in Invocations
  7248 | D:6      | Reached skill level 5 in Conjurations
  7358 | D:6      | Killed crux's ghost
  7359 | D:6      | Reached skill level 5 in Spellcasting
  7499 | D:6      | Learned a level 4 spell: Flame Wave
  7570 | D:7      | Reached skill level 5 in Dodging
  7666 | D:7      | Reached skill level 5 in Fighting
  7837 | D:7      | Found a sparkling altar of Nemelex Xobeh.
  8167 | D:7      | Found a sacrificial altar of Ru.
  8227 | D:7      | Reached skill level 6 in Invocations
  8230 | D:7      | Reached ** piety under Makhleb
  8575 | D:7      | Found a hazy altar of Hepliaklqana.
  9148 | D:8      | Reached XP level 10. HP: 59/74 MP: 10/18
  9353 | D:8      | Found an iron altar of Okawaru.
  9568 | D:8      | Found a shadowy altar of Dithmenos.
  9630 | D:8      | Identified the +3 leather armour of Plasticity {rF+ Int+2}
  9686 | D:8      | Found an ancient bone altar of Kikubaaqudgha.
  9703 | D:8      | Noticed Prince Ribbit
  9729 | D:8      | Killed Prince Ribbit
  9761 | D:8      | Found a staircase to the Lair.
  9952 | D:8      | Reached skill level 7 in Invocations
 10044 | D:8      | Found a bloodstained altar of Trog.
 10062 | D:8      | Found a shimmering blue altar of Sif Muna.
 10071 | D:8      | Got Sif Muna's Quarto of the Frosty Fair Folk
 10155 | D:8      | Found a snail-covered altar of Cheibriados.
 10210 | D:8      | Reached *** piety under Makhleb
 11109 | D:9      | Found a hide-covered altar of Uskayaw.
 11260 | D:9      | Identified the +0 plate armour of the Equator {rN+ rCorr}
 11459 | D:10     | Entered Level 10 of the Dungeon
 11485 | D:10     | Noticed Sonja
 11489 | D:10     | Killed Sonja
 11566 | D:10     | Gained mutation: You have a pair of small horns on your
                  | head. [demonic ancestry]
 11566 | D:10     | Reached XP level 11. HP: 80/82 MP: 20/20
 11848 | D:10     | Noticed Psyche
 11859 | D:10     | Killed Psyche
 11860 | D:10     | Reached skill level 8 in Invocations
 11992 | D:10     | Noticed a two-headed ogre
 11996 | D:10     | Killed a two-headed ogre
 12007 | D:10     | Reached **** piety under Makhleb
 12115 | D:10     | Found a flagged portal.
 12124 | Bailey   | Entered a bailey
 12545 | Bailey   | Noticed an orc knight
 12565 | Bailey   | Killed an orc knight
 12683 | Bailey   | Acquired a +1 buckler of protection
 12937 | D:10     | Found a blossoming altar of Fedhas.
 13074 | D:10     | Found a radiant altar of Vehumet.
 13626 | D:11     | Noticed an orc knight
 13798 | D:11     | Reached ***** piety under Makhleb
 13803 | D:11     | Killed an orc knight
 13948 | D:11     | Found a staircase to the Orcish Mines.
 14199 | D:11     | Noticed a sixfirhy
 14224 | D:11     | Reached skill level 9 in Invocations
 14284 | D:11     | Noticed a sixfirhy
 14291 | D:11     | Noticed a sixfirhy
 14641 | D:11     | Identified the +7 whip "Ciro" {pain, +Blink rC+ Will+}
 15131 | D:11     | Noticed a sixfirhy
 15132 | D:11     | Found a runed translucent door.
 15188 | D:11     | Killed a sixfirhy
 15189 | D:11     | Reached XP level 12. HP: 87/91 MP: 22/22
 15439 | D:12     | Found a frozen archway.
 15565 | IceCv    | Entered an ice cave
 16043 | IceCv    | Noticed a reaper
 16051 | IceCv    | Engulfed by a cloud of freezing vapour

Illustrated notes

Levels and vault maps discovered:
D:1:      dpeg_arrival_chambers_temple_mockup, layout_loops_ring
D:2:      layout_rooms, serial_aquarium, aquarium_bridge_straight
          [aquarium_subvault_bridge, aquarium_subvault_wall,
          aquarium_subvault_bridge, aquarium_subvault_wall],
          aquarium_bridge_square [aquarium_subvault_wall,
          aquarium_subvault_bridge, aquarium_subvault_wall,
          aquarium_subvault_wall], aquarium_window_1, aquarium_window_corner,
          aquarium_view_2e, aquarium_view_2e
D:3:      layout_loops_ring, mainiacjoe_overflow_tiny_flanked,
          dilly_ecumenical_altar_fadedgnrine, uniq_sigmund
D:4:      layout_basic, uniq_menkaure
D:5:      layout_cave_pools, minmay_temple_entry_waves
D:6:      layout_loops_ring, grunt_gozag_statues, gammafunk_ghost_icy,
          uniq_edmund
D:7:      layout_layer_cave, nicolae_elyvilon_temple_path,
          nemelex_xobeh_ov_fountains_minmay, nzn_hepliaklqana_mist_gate,
          amcnicky_altar_gilded
D:8:      cheibrodos_elevator_heist, layout_cave_pools,
          nzn_overflow_gifts_of_might_and_magic, nicolae_overflow_crystal_walls,
          slow_altar_1, lemuel_zombie_altar_kikubaaqudgha, zin_statuary,
          okawaru_humans, lair_entry_dummy, uniq_prince_ribbit1
D:9:      layout_basic, mainiacjoe_overflow_alcove_4
D:10:     layout_loops_corners, mainiacjoe_overflow_alcove_1,
          lemuel_coloured_pillars_altar, enter_bailey_8, uniq_psyche, uniq_sonja
D:11:     cheibrodos_shockbox, layout_gridville, erik_orc_2, st_stairs_13
D:12:     layout_basic, portal_ice_cave_entry_pillars_1, minivault_1,
          uniq_erolcha
Temple:   nicolae_temple_ecumenical_triangle
IceCv:    ice_cave_small_demon

Skill      XL: |  1  2  3  4  5  6  7  8  9 10 11 12 |
---------------+-------------------------------------+-----
Stealth        | 2 3 4 5 6 7 8 |  8.1
Dodging        | 2 3 4 5 6 7 |  7.4
Fire Magic     | 3 4 5 6 7 |  7.8
Fighting       | 1 2 3 4 5 6 7 |  7.7
Conjurations   | 2 3 4 5 6 7 8 |  8.0
Spellcasting   | 3 4 5 6 7 |  7.4
Invocations    | 1 3 4 6 7 9 |  9.6

Action                     |  1- 3 |  4- 6 |  7- 9 | 10-12 || total
---------------------------+-------+-------+-------+-------++-------
  Melee: Spear             |    19 |    42 |    26 |       ||    87
         Punch             |       |       |     2 |       ||     2
         Dagger            |       |       |    30 |    15 ||    45
         Short sword       |       |       |    24 |    67 ||    91
         Whip              |       |       |       |    26 ||    26
         Headbutt          |       |       |       |    14 ||    14
   Cast: Foxfire           |    54 |    84 |   209 |   318 ||   665
         Scorch            |     3 |    15 |    47 |   125 ||   190
         Flame Wave        |       |       |     1 |    22 ||    23
 Invoke: Minor Destruction |       |       |       |    14 ||    14
         Major Destruction |       |       |       |     2 ||     2
         Lesser Servant of |       |       |       |     1 ||     1
  Evoke: Phantom mirror    |       |       |       |     1 ||     1
    Use: Potion            |       |       |     2 |     6 ||     8
         Scroll            |       |       |     2 |    21 ||    23
   Stab: Sleeping          |       |     3 |       |     3 ||     6
 Armour: Robe              |     4 |     6 |     4 |       ||    14
         Skin              |       |       |     7 |       ||     7
         Leather armour    |       |       |       |    88 ||    88
  Dodge: Dodged            |    10 |    31 |   133 |   231 ||   405
  Block: Buckler           |       |       |       |    33 ||    33
